 Dungeon Crawl Stone Soup version 0.22-a0-406-g9ff8d77 (webtiles) character file.

48 Borgoz the Skirmisher (level 3, 0/34 HPs)
             Began as a Gargoyle Abyssal Knight on May 8, 2018.
             Was a Follower of Lugonu.
             Slain by an orc
             ... wielding a +0 falchion
              (2 damage)
             ... on level 2 of the Dungeon.
             The game lasted 00:01:23 (1865 turns).

Borgoz the Skirmisher (Gargoyle Abyssal Knight)     Turns: 1865, Time: 00:01:23

Health: 0/34       AC: 21    Str: 15    XL:     3   Next: 72%
Magic:  4/4        EV:  2    Int: 12    God:    Lugonu [*.....]
Gold:   85         SH:  0    Dex: 10    Spells: 2/2 levels left

rFire    . . .     SeeInvis .   a - +1 hand axe
rCold    . . .     Gourm    .   (no shield)
rNeg     + + +     Faith    .   (armour currently unavailable)
rPois    ∞         Spirit   .   (helmet currently unavailable)
rElec    .         Reflect  .   (cloak currently unavailable)
rCorr    .         Harm     .   (gloves currently unavailable)
MR       .....     NoTele   +   (boots currently unavailable)
Stlth    ++........             (no amulet)
HPRegen  0.11/turn              r - ring of stealth
MPRegen  0.09/turn              (no ring)

@: tree-form
A: negative energy resistance 1, petrification resistance, rot immunity, AC +3
a: Depart the Abyss, Renounce Religion


You were on level 2 of the Dungeon.
You worshipped Lugonu.
Lugonu was aware of your devotion.
You were hungry.
You were a tree.
You visited 1 branch of the dungeon, and saw 3 of its levels.
You visited the Abyss 1 time.

You collected 85 gold pieces.

Inventory:

Hand Weapons
 a - a +1 hand axe (weapon)
Missiles
 g - 2 throwing nets (quivered)
Armour
 b - a +0 leather armour (melded)
Jewellery
 r - a ring of stealth (left branch)
Scrolls
 e - a scroll of magic mapping {unknown}
 f - 3 scrolls of amnesia {unknown}
 h - 2 scrolls of identify {unknown}
 k - a scroll of immolation {unknown}
 l - a scroll of enchant weapon {unknown}
 n - a scroll of fear {unknown}
 o - a scroll of remove curse {unknown}
Potions
 d - a potion of mutation {unknown}
 i - 2 potions of lignification
 j - a potion of berserk rage {unknown}
 m - 2 potions of magic {unknown}
 p - a potion of ambrosia {unknown}
 q - a potion of heal wounds {unknown}
 s - 3 potions of brilliance {unknown}
 t - a potion of haste
Comestibles
 c - 2 rations


   Skills:
 + Level 3.6 Fighting
 * Level 2.5 Axes
 + Level 2.5 Armour
 + Level 1.2 Dodging
 + Level 2.5 Invocations


You had 2 spell levels left.
You didn't know any spells.

Dungeon Overview and Level Annotations

Branches:
Dungeon (3/15)

Altars:


Innate Abilities, Weirdness & Mutations

You are resistant to torment.
((Your stone body is resilient. (AC +3)))
You are immune to poison.
You resist negative energy. (rN+)
((You are resistant to electric shocks. (rElec)))
((You can survive without breathing.))
You are immune to petrification.
You are immune to rotting.


Message History

You closely miss the orc. You barely miss the orc.
The orc priest shouts!
You hit the orc but do no damage. The orc hits you with a falchion.
The orc priest invokes the aid of Beogh against you.
Beogh smites you! The orc hits you with a falchion.
* * * LOW HITPOINT WARNING * * *
The orc hits you with a falchion.
* * * LOW HITPOINT WARNING * * *
The orc barely misses you. x2
You climb upwards.
There is a stone staircase leading down here.
The orc throws an exploding tomahawk.
The exploding tomahawk hits you.
* * * LOW HITPOINT WARNING * * *
The exploding tomahawk explodes!
The explosion of tomahawk fragments engulfs you!
It was a potion of lignification.
You turn into a tree.
Your +0 leather armour melds into your body.
Your roots penetrate the ground.
The orc hits you with a falchion.
You die...

......#...#####.#.###.##.##.####
........#.# #..^......#......#
#.#######.# #...###.##.##.##.#
#.# #.# #.### #.......##.# #.##
#.#####.# ##########.# ...#
##.......### ####.##
...#####..........#########......
...##........####........##(##.##
...##.##.##.....♣........##.##.##
(......#.##...##o........##.##..#
.........#...#.>o........##.##..#
.......##.#...o..........##......
...##.####..##.##........#####.##
...##.......#..##........# #.#
...########.......######## #.#
...# ####.######...### #.#
#.############.# #.###..# #.#


You could see 3 orcs.

Vanquished Creatures
  An adder (D:2)
  An ooze (D:1)
  A dart slug (D:2)
  2 leopard geckos (D:1)
  2 ball pythons (D:2)
  2 giant cockroaches (D:1)
  3 goblins (D:2)
  4 hobgoblins
  2 kobolds
  4 bats (D:1)
  7 rats
29 creatures vanquished.

Notes
Turn   | Place    | Note
-------+----------+-------------------------------------------
     0 | Abyss:1  | Borgoz the Gargoyle Abyssal Knight began the quest for the Orb.
     0 | Abyss:1  | Reached XP level 1. HP: 14/14 MP: 2/2
    11 | Abyss:1  | Found a corrupted altar of Lugonu.
    61 | Abyss:1  | Noticed a green death
    62 | D:1      | Escaped the Abyss
   442 | D:1      | Reached XP level 2. HP: 19/19 MP: 3/3
   444 | D:1      | Reached skill level 1 in Dodging
   489 | D:1      | Reached * piety under Lugonu
  1113 | D:2      | Reached XP level 3. HP: 18/23 MP: 4/4
  1863 | D:2      | HP: 1/23 [orc/exploding tomahawk (2)]
  1865 | D:2      | Slain by an orc

Vault maps used:
D:1:      lemuel_arrival_behind_the_door_small
D:2:      minmay_misc_feat_iff
D:3:      minmay_diamond_boxcup, uniq_purgy

Skill      XL: |  1  2 |
---------------+-------+-----
Axes           | 2 |  2.5
Dodging        | 1 |  1.2
Fighting       | |  3.6
Armour         | |  2.5
Invocations    | |  2.5

Action                   || total
-------------------------++-------
Melee: Hand axe          ||    75
Invok: Depart the Abyss  ||     1
  Use: Potion            ||     1
 Stab: Sleeping          ||     1
  Eat: Chunk             ||     2
Armor: Leather armour    ||    29
Dodge: Dodged            ||    30

Table legend:
 A = Spawn XP
 B = Non-spawn XP
 C = Spawn XP percentage of total XP
 D = Spawn monster count
 E = Non-spawn monster count
 F = Spawn count percentage of total count
 G = Total turns spent on level
                    A         B        C        D         E        F      G
               +---------+---------+-------+---------+---------+-------+---------
         Total |       0 |      69 |   0.0 |       0 |      29 |   0.0 |  1865
               +---------+---------+-------+---------+---------+-------+---------
           D:1 |       0 |      30 |   0.0 |       0 |      14 |   0.0 |  1021
           D:2 |       0 |      39 |   0.0 |       0 |      15 |   0.0 |   778
               +---------+---------+-------+---------+---------+-------+---------
